 Dungeon Crawl Stone Soup version 0.29.1-1-gd02db6906a (webtiles) character file.

Game seed: 4850900015112616292

9175 Zeld the Cleaver (level 11, -3/99 HPs)
             Began as a Minotaur Berserker on Oct 13, 2022.
             Was a High Priest of Trog.
             Slain by an orange demon (6 damage)
             ... summoned by a kobold demonologist
             ... on level 10 of the Dungeon.
             The game lasted 00:11:29 (12562 turns).

Zeld the Cleaver (Minotaur Berserker)              Turns: 12562, Time: 00:11:30

Health: -3/99      AC:  1    Str: 25      XL:     11   Next: 19%
Magic:  10/10      EV:  7    Int:  4      God:    Trog [*****.]
Gold:   187        SH:  5    Dex:  8 (11) Spells: 10/10 levels left

rFire   . . .      SeeInvis .   a - +0 war axe
rCold   . . .      Faith    .   u - +0 kite shield
rNeg    . . .      Spirit   .   b - +0 plate armour
rPois   .          Reflect  .   (helmet restricted)
rElec   .          Harm     .   (no cloak)
rCorr   .          Rampage  .   D - +0 pair of gloves
Will    ++...                   p - +0 pair of boots
Stlth   ..........              (no amulet)
HPRegen 1.26/turn               (no ring)
MPRegen 0.12/turn               (no ring)

@: mighty, weakened, strong-willed, corroded, on berserk cooldown, regenerating,
slowed, very slow
A: horns 2, retaliatory headbutt
a: Renounce Religion, Berserk, Trog's Hand, Brothers in Arms


You were on level 10 of the Dungeon.
You worshipped Trog.
Trog was extremely pleased with you.
You visited 2 branches of the dungeon, and saw 11 of its levels.

You collected 453 gold pieces.
You spent 266 gold pieces at shops.

Inventory:

Hand Weapons
 a - a +0 war axe (weapon)
Armour
 b - a +0 plate armour (worn)
 p - a +0 pair of boots (worn)
 u - a +0 kite shield (worn)
 D - a +0 pair of gloves (worn)
Jewellery
 J - a +6 ring of intelligence
Wands
 w - a wand of mindburst (19)
 F - a wand of roots (18)
Scrolls
 c - 4 scrolls of enchant armour {unknown}
 d - 12 scrolls of identify
 e - 5 scrolls of fear {unknown}
 j - 2 scrolls of vulnerability {unknown}
 l - 2 scrolls of butterflies {unknown}
 m - 2 scrolls of teleportation {unknown}
 n - a scroll of poison {unknown}
 r - 2 scrolls of brand weapon {unknown}
 y - 2 scrolls of enchant weapon {unknown}
 z - 2 scrolls of amnesia {unknown}
 B - a scroll of silence {unknown}
 E - 2 scrolls of noise {unknown}
 G - 2 scrolls of torment {unknown}
 H - a scroll of magic mapping {unknown}
Potions
 f - 5 potions of flight {unknown}
 g - a potion of might
 h - 4 potions of curing
 k - a potion of mutation {unknown}
 o - 2 potions of ambrosia {unknown}
 q - 2 potions of lignification {unknown}
 s - a potion of magic {unknown}
 t - 2 potions of berserk rage
 v - 2 potions of brilliance {unknown}
 x - a potion of degeneration {unknown}
 A - a potion of heal wounds {unknown}
 C - 2 potions of haste {unknown}
 I - a potion of cancellation {unknown}
 K - a potion of attraction {unknown}


   Skills:
 + Level 10.1 Fighting
 * Level 13.6 Axes
 + Level 9.7 Armour
 + Level 8.9 Dodging


You had 10 spell levels left.
You didn't know any spells.
Your spell library was empty.

Dungeon Overview and Level Annotations

Branches:
Dungeon (10/15)            Temple (1/1) D:5             Orc (0/2) D:9
   Lair: D:8-11

Altars:
Ashenzari
Cheibriados
Dithmenos
Elyvilon
Fedhas
Gozag
Hepliaklqana
Kikubaaqudgha
Makhleb
Nemelex Xobeh
Okawaru
Qazlal
Ru
Sif Muna
Trog
Uskayaw
Vehumet
Wu Jian
Xom
Yredelemnul
Zin
The Shining One

Shops:
D:8 **

Annotations:
D:6 1 runed translucent door


Innate Abilities, Weirdness & Mutations

You have a pair of horns on your head.
You reflexively headbutt those who attack you in melee.


Message History

You feel as though you will be weak longer.
You block the kobold demonologist's attack.
You feel better. The orange demon barely misses you. The orange demon hits you!
* * * LOW HITPOINT WARNING * * *
You feel as though you will be weak longer.
The kobold demonologist casts a cantrip, but nothing happens.
You block the orange demon's attack. The orange demon hits you.
* * * LOW HITPOINT WARNING * * *
You feel as though you will be weak longer.
Your skin crawls.
You feel strong-willed.
The kobold demonologist hits you with a +0 dagger.
* * * LOW HITPOINT WARNING * * *
The orange demon stings you.
* * * LOW HITPOINT WARNING * * *
The orange demon barely misses you.
The kobold demonologist begins to cast a cantrip, but forgets the words!
Unknown command.
You feel very mighty all of a sudden. You block the orange demon's attack.
The orange demon hits you.
* * * LOW HITPOINT WARNING * * *
The kobold demonologist hits you with a +0 dagger.
* * * LOW HITPOINT WARNING * * *
The orange demon stings you!
* * * LOW HITPOINT WARNING * * *
The orange demon hits you.
* * * LOW HITPOINT WARNING * * *
You feel as though you will be weak longer.
Unknown command.
Okay, then.
Unknown command.
Okay, then.
Unknown command.
Okay, then.
Your skin crawls.
You feel strong-willed.
The kobold demonologist hits you with a +0 dagger.
* * * LOW HITPOINT WARNING * * *
You block the orange demon's attack. The orange demon hits you.
You die...

##..........#
#...........+
#...........#
#.###########
#.# #.#
#.######
#.....4#
######@# #K#
#K# #K# #..
###


You could see an orange demon (summoned), a kobold demonologist and 2 kobolds.

Vanquished Creatures
  2 two-headed ogres
  A komodo dragon (D:10)
  Grinder (D:3)
  A hornet (D:9)
  2 wyverns
  15 yaks (D:9)
  2 steam dragons
  An acid dragon (D:10)
  4 orc warriors
  4 sky beasts
  An ice beast (D:7)
  An ogre (D:4)
  A black bear (D:5)
  5 centaurs
  A kobold brigand (D:10)
  4 bullfrogs
  7 scorpions
  A necrophage (D:5)
  5 wights (D:6)
  15 killer bees
  4 electric eels
  A howler monkey (D:8)
  6 hounds
  12 orc priests
  2 gnoll boudas
  3 jellies
  Jessica (D:3)
  An iguana (D:4)
  7 orc wizards
  7 adders
  10 gnolls
  A shadow imp (D:7)
  3 white imps
  An ufetubus (D:5)
  5 worms
  4 dart slugs
  58 orcs
  7 endoplasms
  6 giant cockroaches
  5 hobgoblins
  14 jackals
  6 kobolds
  7 quokkas
  5 ball pythons
  4 bats
  2 frilled lizards
  17 goblins
  7 rats
280 creatures vanquished.

Vanquished Creatures (others)
  An orc wizard (D:3)
  A gnoll (D:9)
  12 plants (D:9)
14 creatures vanquished.

Grand Total: 294 creatures vanquished

Notes
Turn   | Place    | Note
-------+----------+-------------------------------------------
     0 | D:1      | Zeld the Minotaur Berserker began the quest for the Orb.
     0 | D:1      | Reached XP level 1. HP: 19/19 MP: 0/0
     1 | D:1      | Found a runed translucent door.
    35 | D:1      | Found a faded altar of an unknown god.
   266 | D:1      | Reached XP level 2. HP: 14/27 MP: 1/1
   532 | D:1      | Reached skill level 4 in Axes
  1153 | D:1      | Reached XP level 3. HP: 33/33 MP: 2/2
  1156 | D:1      | Reached ** piety under Trog
  1540 | D:2      | Reached XP level 4. HP: 36/40 MP: 3/3
  1763 | D:3      | Noticed Grinder
  1772 | D:3      | Killed Grinder
  1773 | D:3      | Reached skill level 5 in Axes
  1773 | D:3      | Reached XP level 5. HP: 22/47 MP: 4/4
  1773 | D:3      | Reached XP level 6. HP: 26/55 MP: 5/5
  1980 | D:3      | Found a blossoming altar of Fedhas.
  2085 | D:3      | Noticed Jessica
  2089 | D:3      | Killed Jessica
  2090 | D:3      | Reached skill level 6 in Axes
  2139 | D:3      | Reached skill level 5 in Fighting
  2632 | D:4      | Found a sacrificial altar of Ru.
  2667 | D:4      | Reached XP level 7. HP: 48/61 MP: 6/6
  2782 | D:4      | Reached *** piety under Trog
  3111 | D:4      | Reached skill level 7 in Axes
  3254 | D:5      | Entered Level 5 of the Dungeon
  3259 | D:5      | Reached skill level 5 in Armour
  3781 | D:5      | Reached skill level 8 in Axes
  3781 | D:5      | Reached XP level 8. HP: 66/70 MP: 7/7
  4023 | D:5      | Reached skill level 5 in Dodging
  4176 | D:5      | Found a staircase to the Ecumenical Temple.
  4246 | Temple   | Entered the Ecumenical Temple
  4611 | D:6      | Found a sparkling altar of Nemelex Xobeh.
  4655 | D:6      | Found a hide-covered altar of Uskayaw.
  4659 | D:6      | Found a broken altar of Ashenzari.
  4708 | D:6      | Reached **** piety under Trog
  4796 | D:6      | Found a radiant altar of Vehumet.
  4856 | D:6      | Reached skill level 9 in Axes
  5027 | D:6      | Found an ornate altar of the Wu Jian Council.
  5388 | D:6      | Found an opulent altar of Gozag.
  5389 | D:6      | Found a glowing silver altar of Zin.
  5536 | D:6      | Found an iron altar of Okawaru.
  5973 | D:6      | Found a runed translucent door.
  6357 | D:7      | Found a burning altar of Makhleb.
  6396 | D:7      | Reached XP level 9. HP: 67/79 MP: 8/8
  6658 | D:7      | Reached skill level 10 in Axes
  7861 | D:8      | Reached skill level 11 in Axes
  8386 | D:8      | Found Asoutibb's General Store.
  8386 | D:8      | Found Koidexa's Specific Store.
  8394 | D:8      | Bought a scroll of identify for 28 gold pieces
  8394 | D:8      | Bought a potion of curing for 42 gold pieces
  8394 | D:8      | Bought a scroll of identify for 28 gold pieces
  8394 | D:8      | Bought a wand of roots (5) for 168 gold pieces
  8661 | D:8      | Noticed a two-headed ogre
  8683 | D:8      | Killed a two-headed ogre
  8684 | D:8      | Reached XP level 10. HP: 66/90 MP: 9/9
  9249 | D:8      | Found a hazy altar of Hepliaklqana.
  9369 | D:9      | Reached skill level 12 in Axes
 10239 | D:9      | Found a faded altar of an unknown god.
 10275 | D:9      | Reached ***** piety under Trog
 11129 | D:9      | Found a snail-covered altar of Cheibriados.
 11146 | D:9      | Found a staircase to the Orcish Mines.
 11167 | D:9      | Reached skill level 13 in Axes
 11453 | D:9      | Noticed a two-headed ogre
 11461 | D:9      | Killed a two-headed ogre
 11462 | D:9      | Reached XP level 11. HP: 99/99 MP: 10/10
 11491 | D:9      | Found a bloodstained altar of Trog.
 11509 | D:9      | Reached skill level 10 in Fighting
 12042 | D:10     | Entered Level 10 of the Dungeon
 12562 | D:10     | HP: 3/99 [kobold demonologist/+0 dagger (4)]
 12562 | D:10     | Slain by an orange demon

Illustrated notes

Levels and vault maps discovered:
D:1:      dpeg_arrival_caged_fury, layout_basic,
          hellmonk_ecumenical_altar_crossroads
D:2:      layout_rooms
D:3:      layout_basic, fedhas_ov_isle_minmay, uniq_grinder, uniq_jessica
D:4:      layout_rooms, old_standard_altar, minmay_ogre_servants
D:5:      layout_rooms, minmay_temple_entry_steel_oval, minivault_26
D:6:      layout_gridville, grunt_temple_overflow_gold_and_silver,
          okawaru_ov_weapons_minmay, kennysheep_little_box,
          general_overflow_altar, grunt_temple_overflow_open,
          nicolae_vehumet_radiance, lightli_church_of_beogh
D:7:      layout_basic, makhleb_heckhound_becter
D:8:      layout_layer_cave, nicolae_hepliaklqana_hippocampus,
          nicolae_specific_store, nicolae_water_bricks, grunt_decor_cap,
          minmay_misc_feat_diagonals
D:9:      layout_cave_pools, trog_butcher_becter, cheibriados_altar_1,
          hiddenorc2_lemuel, serial_column_ruins, column_ruins_temple_circle,
          column_ruins_square_small, column_ruins_grid_1,
          column_ruins_open_small, column_ruins_columns_corner,
          column_ruins_open_large, serial_bayou_lagoon_b
D:10:     layout_basic, uniq_fannar, uniq_maurice
Temple:   hellmonk_temple_micro_hex

Skill      XL: |  1  2  3  4  5  6  7  8  9 10 11 |
---------------+----------------------------------+-----
Axes           | 4 5 6 8 9 11 13 | 13.6
Fighting       | 4 5 6 7 8 9 10 | 10.1
Armour         | 3 4 5 6 8 9 |  9.7
Dodging        | 3 4 6 7 8 |  8.9

Action                   |  1- 3 |  4- 6 |  7- 9 | 10-12 || total
-------------------------+-------+-------+-------+-------++-------
Melee: Hand axe          |    61 |       |       |       ||    61
       Headbutt          |     9 |     9 |    49 |    54 ||   121
       War axe           |    28 |    57 |   291 |   216 ||   592
Invok: Berserk           |     1 |     3 |     6 |     7 ||    17
       Trog's Hand       |       |       |     1 |     2 ||     3
  Use: Potion            |       |       |       |     2 ||     2
Armor: Animal skin       |    13 |       |       |       ||    13
       Plate armour      |     6 |    35 |   230 |   120 ||   391
Dodge: Dodged            |    42 |    18 |   123 |    92 ||   275
Block: Kite shield       |       |       |   107 |    85 ||   192
